 Dungeon Crawl Stone Soup version 0.21.0 (webtiles) character file.

1208 pkoi the Vexing (level 8, -6/36 HPs)
             Began as a Spriggan Conjurer on Jan 6, 2018.
             Was a Believer of Sif Muna.
             Mangled by an orc warrior
             ... wielding a +0 dire flail
              (15 damage)
             ... on level 7 of the Dungeon.
             The game lasted 00:15:25 (9117 turns).

pkoi the Vexing (Spriggan Conjurer)                 Turns: 9117, Time: 00:15:25

Health: -6/36      AC:  2    Str:  3 (4)  XL:     8   Next: 21%
Magic:  0/17       EV: 22    Int: 18      God:    Sif Muna [**....]
Gold:   267        SH:  0    Dex: 17      Spells: 8/18 levels left

rFire    . . .     SeeInvis +   n - +1 rapier
rCold    . . .     Gourm    .   (shield restricted)
rNeg     . . .     Faith    .   a - +0 robe
rPois    .         Spirit   .   (helmet restricted)
rElec    .         Reflect  .   (no cloak)
rCorr    .         Harm     .   (gloves unavailable)
MR       +....                  (boots unavailable)
Stlth    ++........             (no amulet)
HPRegen  0.12/turn              k - ring of flight
MPRegen  0.15/turn              u - +3 ring of evasion

@: very quick
A: very small, unfitting armour, see invisible, herbivore, speed 3, slow
metabolism 2
a: Divine Energy, Renounce Religion, Evoke Flight


You were on level 7 of the Dungeon.
You worshipped Sif Muna.
Sif Muna was pleased with you.
You were very hungry.

You visited 2 branches of the dungeon, and saw 8 of its levels.
You also visited: Ossuary.

You collected 267 gold pieces.

Inventory:

Hand Weapons
 h - a +0 short sword
 n - a +1 rapier (weapon)
 r - the +0 hand axe "Qit Eng" {chop, rN+ Dex+4}
   (You found it on level 4 of the Dungeon)

   It inflicts extra damage upon your enemies.
   It affects your dexterity (+4).
   It protects you from negative energy.
Armour
 a - a +0 robe (worn)
 x - a cursed -2 cloak
Jewellery
 k - a ring of flight (left hand)
 p - an uncursed ring of see invisible {unknown}
 u - a +3 ring of evasion (right hand)
Wands
 s - a wand of disintegration (9)
Scrolls
 d - 13 scrolls of identify
 f - a scroll of fog
 g - 2 scrolls of amnesia
 i - 4 scrolls of remove curse
 m - a scroll of immolation
 q - 3 scrolls of teleportation
 w - 3 scrolls of holy word
Potions
 e - 2 potions of brilliance {unknown}
 j - 3 potions of curing {unknown}
 l - 2 potions of invisibility
 o - 4 potions of haste {unknown}
 v - 2 potions of mutation {unknown}
 z - 2 potions of cancellation {unknown}
 A - a potion of ambrosia {unknown}
Books
 b - a book of Conjurations

   Spells                             Type                      Level
   a - Magic Dart                     Conjuration                  1
   b - Searing Ray                    Conjuration                  2
   c - Dazzling Spray                 Conjuration/Hexes            3
   d - Fulminant Prism                Conjuration/Hexes            4
   e - Force Lance                    Conjuration/Translocation    4
   f - Iskenderun's Mystic Blast      Conjuration                  4
 t - a book of Misfortune

   Spells                             Type                      Level
   a - Confusing Touch                Hexes                        1
   b - Confuse                        Hexes                        3
   c - Gell's Gravitas                Translocation                3
   d - Petrify                        Transmutation/Earth          4
   e - Metabolic Englaciation         Hexes/Ice                    5
   f - Yara's Violent Unravelling     Hexes/Transmutation          5
Comestibles
 c - 8 rations


   Skills:
 + Level 1.5 Short Blades
 + Level 3.4 Dodging
 - Level 3.0 Stealth
 + Level 5.6 Spellcasting
 + Level 5.9 Conjurations
 + Level 6.4 Hexes


You had 8 spell levels left.
You knew the following spells:

 Your Spells              Type           Power        Failure   Level  Hunger
a - Magic Dart            Conj           ####         1%          1    None
b - Searing Ray           Conj           ####..       1%          2    None
c - Dazzling Spray        Conj/Hex       ####..       3%          3    ##.....
d - Fulminant Prism       Conj/Hex       ####......   10%         4    ####...


Dungeon Overview and Level Annotations

Branches:
Dungeon (7/15)             Temple (1/1) D:6

Altars:
Ashenzari
Cheibriados
Dithmenos
Elyvilon
Fedhas
Gozag
Hepliaklqana
Kikubaaqudgha
Makhleb
Nemelex Xobeh
Okawaru
Qazlal
Ru
Sif Muna
Trog
Uskayaw
Vehumet
Wu Jian
Xom
Yredelemnul
Zin
The Shining One

Annotations:
D:6 Brutalitops's ghost, novice TrSk


Innate Abilities, Weirdness & Mutations

You are very small and have problems with some larger weapons.
You are too small for most types of armour.
You have supernaturally acute eyesight. (SInv)
You are a herbivore.
You cover ground extremely quickly.
You need consume almost no food.


Message History

The orc warrior is severely wounded. (Press . to maintain the ray.)
The ice beast hits you but does no damage.
The searing ray misses the orc warrior.
The searing ray misses the orc.
The orc warrior barely misses you. The ice beast misses you.
The searing ray hits the orc warrior.
The orc warrior is almost dead.
The orc warrior misses you. The ice beast closely misses you.
The searing ray misses the orc warrior.
The searing ray hits the orc.
You kill the orc!
Sif Muna accepts your kill.
You finish channeling your searing ray.
The orc warrior hits you with a dire flail!!
Ouch! That really hurt!
* * * LOW HITPOINT WARNING * * *
The ice beast closely misses you.
As you read the scroll labeled DOLAIS SAUZEMESS, it crumbles to dust.
You speak a Word of immense power!
It was a scroll of holy word.
The orc warrior hits you with a dire flail!
You die...

#..,#(# *,* #.#*#.# *,*
#.# #.# *,* #.#
#.######### *.# #.#
#.........# #.# #.#
#########.# #.# #.# #.#
#.# #.###########.###
#.#*###* #.......Y@o)....#
#.#*>.,,
#############.#.###.#*.#**
#..........##.###
#.##.#.###.#.....
#.##.#.......#..#
#.##.#####...[... #.##..#
#...#.#. #.###.# #......#
#.# #.# #.......


You could see an orc warrior and an ice beast.

Vanquished Creatures
  2 ice beasts
  A necrophage (D:6)
  An ogre (D:4)
  2 centaur zombies
  4 orc priests
  2 bullfrog skeletons (D:4)
  3 iguanas
  4 orc wizards
  4 worker ants (D:4)
  3 big kobold zombies (Ossuary)
  A hound skeleton (D:4)
  4 mummies (Ossuary)
  A howler monkey skeleton (D:5)
  6 adders
  2 shadow imps
  4 oozes
  2 adder zombies
  3 worms (D:5)
  4 dart slugs
  5 leopard geckos
  11 orcs
  3 ball pythons
  10 giant cockroaches
  4 goblins
  9 hobgoblins
  2 jackals (D:3)
  2 quokkas (D:4)
  10 bats
  4 frilled lizards
  A hobgoblin zombie (Ossuary)
  A jackal skeleton (D:7)
  10 kobolds
  2 quokka skeletons
  8 rats
135 creatures vanquished.

Notes
Turn   | Place    | Note
-------+----------+-------------------------------------------
     0 | D:1      | pkoi the Spriggan Conjurer began the quest for the Orb.
     0 | D:1      | Reached XP level 1. HP: 9/9 MP: 5/5
   434 | D:1      | Reached XP level 2. HP: 12/13 MP: 5/7
   438 | D:1      | Learned a level 2 spell: Searing Ray
   799 | D:1      | Reached XP level 3. HP: 14/16 MP: 1/9
  1342 | D:2      | Noticed a dagger
  1343 | D:2      | Found a hide-covered altar of Uskayaw.
  1344 | D:2      | Noticed a dagger
  1752 | D:2      | Reached XP level 4. HP: 21/21 MP: 4/11
  2081 | D:2      | Found a deep blue altar of Sif Muna.
  2275 | D:2      | Became a worshipper of Sif Muna the Loreminder
  3095 | D:3      | Learned a level 3 spell: Dazzling Spray
  3139 | D:3      | Reached skill level 1 in Hexes
  3279 | D:3      | Reached XP level 5. HP: 24/24 MP: 8/12
  3372 | D:3      | Learned a level 4 spell: Fulminant Prism
  3405 | D:3      | Reached skill level 2 in Hexes
  4054 | D:3      | Found a sparkling altar of Nemelex Xobeh.
  4064 | D:3      | Found a burning altar of Makhleb.
  4206 | D:4      | Reached skill level 3 in Hexes
  4218 | D:4      | Reached XP level 6. HP: 28/28 MP: 3/13
  4352 | D:4      | Got an encrusted hand axe
  4355 | D:4      | Identified the cursed +0 hand axe "Qit Eng" {chop, rN+ Dex+4} (You found it on level 4 of the Dungeon)
  4411 | D:4      | Reached * piety under Sif Muna
  4541 | D:4      | Reached skill level 4 in Hexes
  4629 | D:4      | Reached skill level 5 in Conjurations
  4792 | D:4      | Found an iron altar of Okawaru.
  4995 | D:4      | Reached XP level 7. HP: 32/32 MP: 7/14
  5327 | D:3      | Reached skill level 5 in Hexes
  5498 | D:5      | Entered Level 5 of the Dungeon
  6646 | D:5      | Found a shadowy altar of Dithmenos.
  7022 | D:6      | Reached ** piety under Sif Muna
  7100 | D:6      | Found a staircase to the Ecumenical Temple.
  7107 | D:6      | Reached skill level 5 in Spellcasting
  7116 | Temple   | Entered the Ecumenical Temple
  7270 | D:6      | Noticed Brutalitops's ghost (novice TrSk)
  8033 | D:7      | Found a blossoming altar of Fedhas.
  8073 | D:7      | Found a sand-covered staircase.
  8077 | D:7      | Reached skill level 6 in Hexes
  8085 | Ossuary  | Entered an ossuary
  8493 | Ossuary  | Reached XP level 8. HP: 13/36 MP: 12/17
  8950 | D:7      | Reached skill level 1 in Short Blades
  9014 | D:7      | Found a stormy altar of Qazlal.
  9018 | D:7      | Noticed an air elemental
  9117 | D:7      | Mangled by an orc warrior

Skill      XL: |  1  2  3  4  5  6  7  8 |
---------------+-------------------------+-----
Conjurations   | 3 4 5 |  5.9
Spellcasting   | 3 4 5 |  5.6
Hexes          | 1 3 4 6 |  6.4
Short Blades   | 1 |  1.5
Dodging        | |  3.4
Stealth        | |  3.0

Action                   |  1- 3 |  4- 6 |  7- 9 || total
-------------------------+-------+-------+-------++-------
Melee: Club              |    18 |       |       ||    18
       Unarmed           |     1 |       |       ||     1
       Short sword       |    30 |     8 |       ||    38
       Hand axe          |       |     3 |    14 ||    17
       Rapier            |       |       |    75 ||    75
 Cast: Magic Dart        |    81 |   185 |   134 ||   400
       Searing Ray       |       |     3 |    17 ||    20
  Use: Scroll            |     2 |     4 |     6 ||    12
       Potion            |       |     4 |       ||     4
 Stab: Sleeping          |     2 |     1 |       ||     3
  Eat: Ration            |       |     1 |     1 ||     2
Armor: Robe              |     9 |     3 |     7 ||    19
Dodge: Dodged            |    53 |    38 |   114 ||   205
